 Dungeon Crawl Stone Soup version 0.28.0-62-gf88900778d (webtiles) character file.

Game seed: 2741530091396359311

1 infinitevox the Shooter (level 1, -1/16 HPs)
             Began as a Demonspawn Wanderer on Apr 13, 2023.
             Slain by a hobgoblin (2 damage)
             ... on level 2 of the Dungeon.
             The game lasted 00:00:41 (22 turns).

infinitevox the Shooter (Demonspawn Wanderer)         Turns: 22, Time: 00:00:41

Health: -1/16      AC:  3    Str: 11    XL:     1   Next: 16%
Magic:  1/1        EV: 12    Int: 11    God:
Gold:   0          SH:  0    Dex: 15    Spells: 0/0 levels left

rFire   . . .      SeeInvis .   a - +2 shortbow
rCold   . . .      Faith    .   (shield currently unavailable)
rNeg    . . .      Spirit   .   e - +0 robe
rPois   .          Reflect  .   (no helmet)
rElec   .          Harm     .   (no cloak)
rCorr   .          Rampage  .   (no gloves)
Will    .....                   d - +0 pair of boots
Stlth   +.........              (no amulet)
HPRegen 0.05/turn               (no ring)
MPRegen 0.07/turn               (no ring)

@: no status effects
A: no striking features
a: no special abilities


You were on level 2 of the Dungeon.
You visited 1 branch of the dungeon, and saw 2 of its levels.

Inventory:

Hand Weapons
 a - a +2 shortbow (weapon)
 c - a +0 short sword
Missiles
 b - 19 arrows (quivered ammo)
Armour
 d - a +0 pair of boots (worn)
 e - a +0 robe (worn)


   Skills:
 - Level 2.0 Fighting
 - Level 1.0 Short Blades
 + Level 3.6 Bows
 - Level 1.0 Armour
 + Level 1.7 Dodging


You couldn't memorise any spells.
You didn't know any spells.
Your spell library was empty.

Dungeon Overview and Level Annotations

Branches:
Dungeon (1/15)

Altars:


Message History

Found a staircase leading out of the dungeon.
You begin with the following items: a +2 shortbow, 22 arrows, a +0 short sword, a +0 pair of boots, a +0 robe.
A sourceless malevolence fills the Dungeon...
You fall into a shaft and drop 1 floor!
The shaft crumbles and collapses. 2 hobgoblins and 2 goblins come into view.
The hobgoblin shouts!
The goblin shouts!
You hear a shout!
The hobgoblin shouts!
You hear a shout!
The goblin shouts!
A kobold comes into view. It is wielding a +0 short sword.
A hobgoblin comes into view.
The hobgoblin shouts!
The hobgoblin hits you but does no damage.
The goblin hits you with a +0 dagger.
A goblin comes into view. It is wielding a +0 dagger of speed.
The goblin shouts!
An adder comes into view.
The adder hisses angrily.
The goblin closely misses you. The hobgoblin closely misses you.
The goblin closely misses you. The hobgoblin hits you.
You shoot an arrow. The arrow closely misses the goblin.
The hobgoblin hits you. The goblin closely misses you. The hobgoblin hits you.
The hobgoblin closely misses you.
Fire: 21 arrows
Press: ? - help, Q - select action Shift-Dir - straight line, f - adder, p - goblin
Aim: an adder (46% to hit)
You shoot an arrow. The arrow hits the goblin!
You kill the goblin!
The goblin hits you with a +0 dagger. The hobgoblin hits you.
* * * LOW HITPOINT WARNING * * *
The hobgoblin hits you.
* * * LOW HITPOINT WARNING * * *
Fire: 20 arrows
Press: ? - help, Q - select action Shift-Dir - straight line, f - hobgoblin, p - adder
Aim: a hobgoblin (63% to hit)
You shoot an arrow. The arrow hits the hobgoblin!
You kill the hobgoblin!
The adder closely misses you. The goblin hits you but does no damage.
The hobgoblin hits you.
You die...

#.#.## ######....##
....g##...###.
#..##.#......#
#.......#..#..
##.###........
#..gg........ #
###Kg........
#...####g@##..#####
#.......S## .##
#...###### .# #


You could see an adder, 2 hobgoblins, 2 goblins and a kobold.

Vanquished Creatures
  A goblin (D:2)
  A hobgoblin (D:2)
2 creatures vanquished.

Notes
Turn   | Place    | Note
-------+----------+-------------------------------------------
     0 | D:1      | infinitevox the Demonspawn Wanderer began the quest for the
                  | Orb.
     0 | D:1      | infinitevox set off with the following items: a +2
                  | shortbow, 22 arrows, a +0 short sword, a +0 pair of boots,
                  | a +0 robe
     0 | D:1      | Reached XP level 1. HP: 16/16 MP: 1/1
     9 | D:1      | You fall into a shaft and drop 1 floor!
    22 | D:2      | Slain by a hobgoblin

Illustrated notes

Levels and vault maps discovered:
D:1:      minmay_arrival_glassed_features, layout_basic,
          shapermc_ecumenical_altar_notcrosses
D:2:      layout_rooms

Action                   || total
-------------------------++-------
 Fire: Shortbow          ||     3
Armor: Robe              ||     2
Dodge: Dodged            ||     6
